 Dungeon Crawl Stone Soup version 0.31.0-9-g3a7656b989 (webtiles) character file.

Game seed: 637854965181292242

125 Peloso the Trooper (level 4, 0/41 HPs)
             Began as a Minotaur Fighter on Feb 6, 2024.
             Was an Initiate of Okawaru.
             Slain by Grinder (4 damage)
             ... on level 3 of the Dungeon.
             The game lasted 00:08:38 (2588 turns).

Peloso the Trooper (Minotaur Fighter)               Turns: 2588, Time: 00:08:38

Health: 0/41       AC:  9    Str: 21    XL:     4   Next: 82%
Magic:  3/3        EV:  8    Int:  5    God:    Okawaru [......]
Gold:   152        SH:  4    Dex: 11    Spells: 3/3 levels left

rFire   . . .        a - +0 long sword
rCold   . . .        d - +0 buckler
rNeg    . . .        c - +0 chain mail
rPois   .            (helmet restricted)
rElec   .            (no cloak)
rCorr   .            (no gloves)
SInv    .            (no boots)
Will    .....        (no amulet) Stlth
                     (no ring)
HPRegen 0.26/turn    (no ring)
MPRegen 0.08/turn

%: no passive effects
@: mighty
A: horns 2, retaliatory headbutt
a: Renounce Religion


You were on level 3 of the Dungeon.
You worshipped Okawaru.
Okawaru was noncommittal.
You visited 1 branch of the dungeon, and saw 4 of its levels.

You collected 174 gold pieces.
You spent 22 gold pieces at shops.

Inventory:

Hand Weapons
 a - a +0 long sword (weapon)
Armour
 b - a +0 scale mail
 c - a +0 chain mail (worn)
 d - a +0 buckler (worn)
Jewellery
 h - an amulet of magic regeneration
 l - a ring of protection from cold
 m - an amulet of the acrobat
Scrolls
 e - a scroll of enchant weapon {unknown}
 f - a scroll of noise {unknown}
 i - a scroll of poison {unknown}
 j - 2 scrolls of identify
 n - a scroll of teleportation {unknown}
Potions
 g - 2 potions of curing
 k - 2 potions of might


   Skills:
 + Level 4.5 Fighting
 + Level 4.2 Long Blades
 + Level 4.2 Armour
 + Level 0.8 Dodging
 + Level 4.2 Shields


You had 3 spell levels left.
You didn't know any spells.
Your spell library contained the following spells:

 Spells                   Type           Power      Damage    Failure   Level
 Cigotuvi's Dreadful Rot  Necr/Alch/Air  0%         N/A       100%        2
 Dispel Undead            Necr           0%         3d6       100%        4
 Martyr's Knell           Necr/Summ      Unusable   N/A       N/A         4
 Death Channel            Necr           Unusable   N/A       N/A         6

Dungeon Overview and Level Annotations

Branches:
Dungeon (4/15)
 Temple: D:4-7

Altars:
Okawaru

Shops:
D:1 =[*!

Annotations:
D:3 Grinder


Innate Abilities, Weirdness & Mutations

You have a pair of horns on your head.
You reflexively headbutt those who attack you in melee.


Message History

Grinder hits you. x2
You writhe in agony.
Grinder gestures at you.
You shrug off the repeated paralysis!
You can move again.
You feel better. Grinder gestures at you. You resist with significant effort.
You hit Grinder but do no damage.
Grinder is moderately wounded.
Grinder says, "At least Makhleb appreciates what I'm doing."
Grinder hits you but does no damage.
Unknown command.
You hit Grinder but do no damage.
Grinder is moderately wounded.
Grinder hits you but does no damage.
Unknown command.
You hit Grinder.
Grinder is moderately wounded.
Grinder barely misses you.
Unknown command.
You hit Grinder but do no damage.
Grinder is moderately wounded.
Grinder hits you.
You writhe in agony.
Unknown command.
You closely miss Grinder.
Grinder is moderately wounded.
Grinder gestures at you.
You suddenly lose the ability to move!
Grinder barely misses you. Grinder hits you.
You writhe in agony.
* * * LOW HITPOINT WARNING * * *
You can move again.
Unknown command.
Unknown command.
You feel very mighty all of a sudden. Grinder hits you.
* * * LOW HITPOINT WARNING * * *
You writhe in agony.
You die...
Grinder sighs, "Dead already?
I want a refund."

#....# #).#####....'.......'
###'### #### #.####.......#
#.#)###############.#...........
#.#.)...............#.##########
#.########..........#.#.........
#.# #..........#.#.#######. #.#
#..........#.#o#######.
#.########..........#.#########.
#.#......'.....@....'.#.......#.
#.#.######....5.....###.♣._.♣.#.
#.#.# ###..........###.♣...♣.#.
#.#.####....#...<...###.♣♣♣♣♣.#.
#.#.#..'....'.........#.......#.
#.#.#.##....#.........###'''###.
#.#.#.##....#...............#...
#.#.#.##....#..............##...
#.#.#.##)...#..............##..#


You could see Grinder.

Vanquished Creatures
  A bombardier beetle (D:3)
  3 adders
  3 dart slugs
  A ribbon worm (D:3)
  6 orcs (D:3)
  3 endoplasms
  3 giant cockroaches
  6 goblins
  3 hobgoblins
  2 quokkas
  5 ball pythons
  9 bats
  4 frilled lizards
  4 kobolds
  3 rats
56 creatures vanquished.

Notes
Turn   | Place    | Note
-------+----------+-------------------------------------------
     0 | D:1      | Peloso the Minotaur Fighter began the quest for the Orb.
     0 | D:1      | Reached XP level 1. HP: 19/19 MP: 0/0
   406 | D:1      | Found Rekhlug's Jewellery Emporium.
   440 | D:1      | Found Ysieq's Antique Armour Emporium.
   448 | D:1      | Found Keck's General Store.
   455 | D:1      | Bought a scroll of identify for 22 gold pieces
   553 | D:1      | Reached XP level 2. HP: 27/27 MP: 1/1
   612 | D:1      | Found Anua's Distillery.
  1017 | D:2      | Reached XP level 3. HP: 24/33 MP: 2/2
  1468 | D:3      | Reached XP level 4. HP: 36/40 MP: 3/3
  1730 | D:3      | Found an iron altar of Okawaru.
  1786 | D:3      | Became a worshipper of Warmaster Okawaru
  2571 | D:4      | Noticed Grinder
  2577 | D:3      | Paralysed by Grinder for 4 turns
  2586 | D:3      | Paralysed by Grinder for 2 turns
  2588 | D:3      | Slain by Grinder

Illustrated notes

Levels and vault maps discovered:
D:1:      roderic_crossed_star, layout_loops_corners, serial_shops,
          nicolae_square_shop, nicolae_shop_statue_plus,
          nicolae_shop_statue_plus, shop, minmay_shallow_snake_nest
D:2:      layout_rooms
D:3:      minmay_spotlight, layout_basic, mainiacjoe_overflow_alcove_4
D:4:      layout_cave_pools, uniq_sigmund, uniq_grinder

Skill      XL: |  1  2  3 |
---------------+----------+-----
Fighting       | 4 |  4.5
Long Blades    | 3 4 |  4.2
Shields        | 4 |  4.2
Armour         | 4 |  4.2
Dodging        | |  0.8

Action                     |  1- 3 |  4- 6 || total
---------------------------+-------+-------++-------
  Melee: Long sword        |    84 |    46 ||   130
         Headbutt          |    13 |     8 ||    21
    Use: Potion            |     2 |     2 ||     4
         Scroll            |     1 |       ||     1
 Armour: Scale mail        |    12 |       ||    12
         Chain mail        |    51 |    27 ||    78
  Dodge: Dodged            |    34 |    18 ||    52
  Block: Buckler           |    19 |    11 ||    30
